 Dungeon Sprint DCSS version 0.31-a0-1227-g0136665373 (webtiles) character file.

Game seed: 14908387007971054469

61 fozzywoppz the Trooper (level 4, 0/32 HPs)
             Began as a Gargoyle Fighter on Dec 14, 2023.
             Slain by a black bear (6 damage)
             ... in the Dungeon (Sprint IX: "|||||||||||||||||||||||||||||").
             The game lasted 00:00:35 (58 turns).

fozzywoppz the Trooper (Gargoyle Fighter)             Turns: 58, Time: 00:00:36

Health: 0/32       AC: 10    Str: 19    XL:     4   Next: 7%
Magic:  4/4        EV:  9    Int:  9    God:
Gold:   0          SH:  5    Dex: 11    Spells: 3/3 levels left

rFire   . . .        a - +0 flail
rCold   . . .        c - +0 buckler
rNeg    + . .        b - +0 scale mail
rPois   ∞            (no helmet)
rElec   +            (no cloak)
rCorr   .            (no gloves)
SInv    .            (no boots)
Will    .....        (no amulet) Stlth
                     (no ring)
HPRegen 0.25/turn    (no ring)
MPRegen 0.09/turn

%: no teleportation
@: no status effects
A: sickness immunity, AC +3, negative energy resistance 1, electricity
resistance, torment resistance 1, petrification resistance
a: no special abilities


You were in the Dungeon.
You visited 1 branch

Inventory:

Hand Weapons
 a - a +0 flail (weapon)
Armour
 b - a +0 scale mail (worn)
 c - a +0 buckler (worn)
Scrolls
 j - a scroll of blinking
Potions
 d - a potion of might
 e - a potion of curing
 g - a potion of haste
 h - 2 potions of magic
 i - a potion of berserk rage


   Skills:
 + Level 5.6 Fighting
 + Level 4.3 Maces & Flails
 - Level 5.0 Armour
 - Level 5.0 Shields


You had 3 spell levels left.
You didn't know any spells.
Your spell library was empty.

Dungeon Overview and Level Annotations

Branches:
Dungeon (1/1)

Altars:


Innate Abilities, Weirdness & Mutations

You are immune to sickness and miasma.
Your stone body is resilient. (AC +3)
You are immune to poison.
You resist negative energy. (rN+)
You are resistant to electric shocks. (rElec)
You are resistant to unholy torment.
You are immune to petrification.


Message History

The black bear barely misses you.
The black bear claws you but does no damage.
You feel much better. You block the black bear's attack.
The black bear claws you but does no damage. x2
You closely miss the black bear.
The black bear is lightly wounded.
The black bear bites you but does no damage.
You block the black bear's attack.
The black bear claws you but does no damage.
You hit the black bear.
The black bear is moderately wounded.
The black bear bites you.
The black bear claws you but does no damage.
The black bear closely misses you.
You closely miss the black bear.
The black bear is moderately wounded.
You block the black bear's attack. The black bear claws you. x2
You sock the black bear!
The black bear is almost dead.
The black bear closely misses you. You block the black bear's attack.
The black bear claws you but does no damage.
You barely miss the black bear.
The black bear is almost dead.
The black bear goes berserk!
The black bear bites you.
The black bear claws you but does no damage.
The black bear claws you.
You hit the black bear.
The black bear is almost dead.
The black bear closely misses you.
The black bear claws you but does no damage. x2
You closely miss the black bear.
The black bear is almost dead.
The black bear bites you!
* * * LOW HITPOINT WARNING * * *
You block the black bear's attack.
The black bear claws you but does no damage.
The black bear completely misses you. The black bear claws you.
* * * LOW HITPOINT WARNING * * *
The black bear claws you.
You die... ▓▓▓▓▓▓▓▓▓▓▓▓▓▓▓▓▓▓ ▓<...†....@hSw...+ ▓▓▓▓▓▓▓▓▓▓▓▓▓▓▓▓▓▓

You could see a black bear (berserk), an adder and a dart slug.

Vanquished Creatures
  A hound (D)
  A gnoll bouda (D)
  A ball python (D)
  A hobgoblin (D)
  A quokka (D)
  A bat (D)
  A frilled lizard (D)
7 creatures vanquished.

Notes
Turn   | Place    | Note
-------+----------+-------------------------------------------
     0 | D        | fozzywoppz the Gargoyle Fighter began the quest for the
                  | Orb.
     0 | D        | Reached XP level 1. HP: 14/14 MP: 1/1
    27 | D        | Noticed a hound
    27 | D        | Noticed a gnoll bouda
    27 | D        | Noticed a black bear
    40 | D        | Killed a hound
    41 | D        | Reached XP level 2. HP: 16/20 MP: 2/2
    41 | D        | Reached XP level 3. HP: 19/24 MP: 3/3
    50 | D        | Reached skill level 5 in Fighting
    50 | D        | Reached skill level 5 in Armour
    50 | D        | Reached skill level 5 in Shields
    50 | D        | Reached XP level 4. HP: 8/32 MP: 4/4
    58 | D        | Slain by a black bear

Illustrated notes

Levels and vault maps discovered:
D:        linesprint [early_d, line_temple, items_1, d_10, items_2, lair_1,
          lair_end, items_3, orc_1, orc_end, items_4, d_15, swamp_1, shoals_1,
          snake_1, spider_1, d_20, vaults_1, items_5, swamp_end, shoals_end,
          snake_end, spider_end, vaults_end, d_27, items_6, zot_1, zot_end,
          crypt_end, forest_end, elf_end, slime_end, tomb_end, abyss_end,
          pan_hell_end]

Skill      XL: |  1  2  3 |
---------------+----------+-----
Fighting       | 4 5 |  5.6
Maces & Flails | 3 4 |  4.3
Armour         | 4 5 |  5.0
Shields        | 4 5 |  5.0

Action                     |  1- 3 |  4- 6 || total
---------------------------+-------+-------++-------
  Melee: Flail             |    39 |     8 ||    47
    Use: Potion            |       |     1 ||     1
 Armour: Scale mail        |    26 |    22 ||    48
  Dodge: Dodged            |    21 |     5 ||    26
  Block: Buckler           |    13 |     6 ||    19

Table legend: (Time is in decaauts)
 A = Elapsed time spent in this place.
 B = Non-inter-level travel time spent in this place.
 C = Inter-level travel time spent in this place.
 D = Time resting spent in this place.
 E = Time spent auto-exploring this place.
 F = Levels seen in this place.
 G = Mean time per level.
                   A        B        C        D        E       F      G
               +--------+--------+--------+--------+--------+-----+--------+
         Total |     71 |     71 |      0 |      0 |      0 |   1 |   71.0 |
       Dungeon |     71 |     71 |      0 |      0 |      0 |   1 |   71.0 |
               +--------+--------+--------+--------+--------+-----+--------+

Top non-repeatable levels by time:
       D: 71 daAuts
